 Dungeon Crawl Stone Soup version 0.31-a0-804-geb2ac4d (webtiles) character file.

Game seed: 6517577701703051225

48 BarneyGumball the Conjurer (level 3, -1/26 HPs)
             Began as a Draconian Conjurer on Sept 20, 2023.
             Slain by an iguana (9 damage)
             ... on level 2 of the Dungeon.
             The game lasted 00:04:57 (1497 turns).

BarneyGumball the Conjurer (Draconian Conjurer)     Turns: 1497, Time: 00:04:58

Health: -1/26      AC:  5    Str:  9    XL:     3   Next: 50%
Magic:  1/6        EV: 12    Int: 18    God:
Gold:   156        SH:  0    Dex: 11    Spells: 3/6 levels left

rFire   . . .        a - +3 dagger
rCold   . . .        (no shield)
rNeg    . . .        (body armour unavailable)
rPois   .            c - +0 hat
rElec   .            (no cloak)
rCorr   .            (no gloves)
SInv    .            (no boots)
Will    .....        (no amulet)
Stlth   ++           (no ring)
HPRegen 0.24/turn    (no ring)
MPRegen 0.10/turn

%: no passive effects
@: attractive
A: AC +5, unfitting armour, cold-blooded
a: no special abilities


You were on level 2 of the Dungeon.
You visited 1 branch of the dungeon, and saw 2 of its levels.

You collected 156 gold pieces.

Inventory:

Hand Weapons
 a - a +3 dagger (weapon)
 b - a +0 sling
Armour
 c - a +0 hat (worn)
Scrolls
 g - 2 scrolls of identify
Potions
 d - a potion of curing {unknown}
 e - a potion of magic
 h - 2 potions of enlightenment


   Skills:
 + Level 1.1 Short Blades
 - Level 1.7 Dodging
 + Level 2.0 Stealth
 - Level 2.0 Spellcasting
 + Level 4.4 Conjurations
 + Level 1.5 Hexes


You had 3 spell levels left.
You knew the following spells:

 Your Spells              Type           Power      Damage    Failure   Level
a - Magic Dart            Conj           68%        1d6       3%          1
b - Searing Ray           Conj           34%        2d5       4%          2

Your spell library contained the following spells:

 Spells                   Type           Power      Damage    Failure   Level
 Dazzling Flash           Conj/Hex       24%        N/A       16%         3
 Fulminant Prism          Conj/Hex       6%         3d7       45%         4
 Iskenderun's Mystic Bla  Conj/Tloc      9%         2d4       58%         4


Dungeon Overview and Level Annotations

Branches:
Dungeon (2/15)

Altars:

Shops:
D:2 [


Innate Abilities, Weirdness & Mutations

Your plain brown scales are hard. (AC +5)
You cannot fit into any form of body armour.
You are cold-blooded and may be slowed by cold attacks.


Message History

The magic dart hits the iguana but does no damage.
The iguana is moderately wounded.
Casting: Magic Dart (safe; 3% risk of failure)
Confirm with . or Enter, or press ? or * to list all spells.
Aiming: Magic Dart (safe; 3% risk of failure)
Press: ? - help, Shift-Dir - straight line, f/p - iguana
Aim: an iguana (moderately wounded, 100% to hit)
The magic dart hits the iguana but does no damage.
The iguana is moderately wounded.
Casting: Magic Dart (safe; 3% risk of failure)
Confirm with . or Enter, or press ? or * to list all spells.
Aiming: Magic Dart (safe; 3% risk of failure)
Press: ? - help, Shift-Dir - straight line, f/p - iguana
Aim: an iguana (moderately wounded, 100% to hit)
The magic dart hits the iguana but does no damage.
The iguana is moderately wounded.
The iguana barely misses you.
You hit the iguana but do no damage.
The iguana is moderately wounded.
The iguana bites you but does no damage.
You hit the iguana but do no damage.
The iguana is moderately wounded.
The iguana bites you!
Okay, then.
As you read the scroll labelled VOTWIE COARE, it crumbles to dust.
It is a scroll of identify.
h - 2 potions of enlightenment The iguana closely misses you.
You closely miss the iguana.
The iguana is moderately wounded.
The iguana barely misses you.
You hit the iguana.
The iguana is heavily wounded.
The iguana bites you!
* * * LOW HITPOINT WARNING * * *
Okay, then.
It was a potion of attraction.
You feel attractive to monsters. The iguana bites you!
You die...

#### #...# #.##.. #...#
#...# #.##.. .....##...#
#.##.. ......#...# #.####
.!....'...+ #....# #...#
#..∩.# #...# #..... #l..#
###... ##### #@..# #####
#... ##...###...###...##
#... ##.....##...##.....##
#... #.......#...#.......#
#... #..[..).'...'...†)..#
#...
#.......#...#.......###...
##.....##...##.....##.....
##...###...###...###.....
##### ###..#######......


You could see an iguana.

Vanquished Creatures
  2 adders (D:2)
  5 endoplasms (D:1)
  3 giant cockroaches
  A goblin (D:1)
  2 jackals (D:1)
  A quokka (D:1)
  4 bats
  3 frilled lizards
  4 kobolds
  2 rats (D:1)
27 creatures vanquished.

Notes
Turn   | Place    | Note
-------+----------+-------------------------------------------
     0 | D:1      | BarneyGumball the Draconian Conjurer began the quest for
                  | the Orb.
     0 | D:1      | Reached XP level 1. HP: 14/14 MP: 3/3
   288 | D:1      | Reached skill level 1 in Hexes
   288 | D:1      | Reached XP level 2. HP: 10/20 MP: 5/5
   339 | D:1      | Learned a level 2 spell: Searing Ray
   884 | D:1      | Found a faded altar of an unknown god.
  1138 | D:2      | Reached XP level 3. HP: 26/26 MP: 1/6
  1204 | D:2      | Reached skill level 1 in Short Blades
  1255 | D:2      | Found Ileumula's Antique Armour Boutique.
  1497 | D:2      | Slain by an iguana

Illustrated notes

Levels and vault maps discovered:
D:1:      dpeg_arrival_rhombus, layout_loops_ring,
          chequers_ecumenical_altar_grove
D:2:      kennysheep_six_static_rooms, layout_basic, serial_shops, shop_coins,
          serial_bayou_crossing

Skill      XL: |  1  2  3 |
---------------+----------+-----
Hexes          | 1 |  1.5
Short Blades   | 1 |  1.1
Stealth        | 2 |  2.0
Dodging        | |  1.7
Spellcasting   | |  2.0
Conjurations   | |  4.4

Action                     || total
---------------------------++-------
  Melee: Short sword       ||    20
         Dagger            ||    12
   Cast: Magic Dart        ||    49
    Use: Scroll            ||     1
         Potion            ||     1
   Stab: Sleeping          ||     3
 Armour: Skin              ||    18
  Dodge: Dodged            ||    17

Table legend: (Time is in decaauts)
 A = Elapsed time spent in this place.
 B = Non-inter-level travel time spent in this place.
 C = Inter-level travel time spent in this place.
 D = Time resting spent in this place.
 E = Time spent auto-exploring this place.
 F = Levels seen in this place.
 G = Mean time per level.
                   A        B        C        D        E       F      G
               +--------+--------+--------+--------+--------+-----+--------+
         Total |   1495 |   1478 |     17 |    108 |   1160 |   2 |  747.5 |
       Dungeon |   1495 |   1478 |     17 |    108 |   1160 |   2 |  747.5 |
               +--------+--------+--------+--------+--------+-----+--------+

Top non-repeatable levels by time:
     D:1: 1092 daAuts
     D:2: 402 daAuts
